 Dungeon Crawl Stone Soup version 0.19.1-1-g22dce08 (webtiles) character file.

2193 galech the Cudgeler (level 9, -1/54 HPs)
             Began as a Gargoyle Fighter on Jan 11, 2017.
             Was an Initiate of Makhleb.
             Slain by an unseen horror (4 damage)
             ... on level 7 of the Dungeon.
             The game lasted 00:14:42 (7672 turns).

galech the Cudgeler (Gargoyle Fighter)              Turns: 7672, Time: 00:14:43

Health: -1/54      AC: 24    Str: 24    XL:     9   Next: 33%
Magic:  9/9        EV:  6    Int: 12    God:    Makhleb [......]
Gold:   162        SH: 10    Dex:  4    Spells: 0 memorised, 8 levels left

rFire  . . .     SeeInvis .     y - +1 flail (protect)
rCold  + + .     Gourm    .     D - +0 plate armour
rNeg   + . .     Faith    .     c - +0 shield
rPois  ∞         Spirit   .     j - +0 helmet
rElec  +         Reflect  .     (no cloak)
rCorr  +         Harm     .     E - +4 pair of gloves "Loxel" {rC+ rCorr Int+4 Dex-5}
MR     .....                    (no boots)
Stlth  ..........               (no amulet)
                                (no ring)
                                F - ring of protection from cold

@: no status effects
A: negative energy resistance 1, electricity resistance, unbreathing,
petrification resistance, rot immunity, AC +5
a: Renounce Religion


You were on level 7 of the Dungeon.
You worshipped Makhleb.
Makhleb was noncommittal.
You were not hungry.

You visited 1 branch of the dungeon, and saw 8 of its levels.

You collected 390 gold pieces.
You spent 228 gold pieces at shops.

Inventory:

Hand Weapons
 y - a +1 flail of protection (weapon)
Armour
 c - a +0 shield (worn)
 j - a +0 helmet (worn)
 D - a +0 plate armour (worn)
 E - the +4 pair of gloves "Loxel" (worn) {rC+ rCorr Int+4 Dex-5}
   (You bought it in a shop on level 5 of the Dungeon)

   It affects your intelligence (+4).
   It affects your dexterity (-5).
   It protects you from cold.
   It protects you from acid and corrosion.
Jewellery
 F - a ring of protection from cold (left hand)
Wands
 H - a wand of flame (25/48)
Scrolls
 e - 5 scrolls of enchant armour {unknown}
 g - 2 scrolls of immolation {unknown}
 h - 3 scrolls of enchant weapon {unknown}
 k - 3 scrolls of magic mapping {unknown}
 l - 3 scrolls of remove curse {unknown}
 m - 3 scrolls of teleportation {unknown}
 o - 2 scrolls of fear {unknown}
 r - 3 scrolls of recharging {unknown}
 u - 7 scrolls of identify {unknown}
 A - a scroll of noise {unknown}
 G - a scroll of amnesia {unknown}
Potions
 a - a potion of berserk rage {unknown}
 d - a potion of might
 i - a potion of cancellation {unknown}
 p - a potion of brilliance {unknown}
 q - a potion of ambrosia {unknown}
 t - a potion of mutation {unknown}
 w - a potion of heal wounds {unknown}
 x - a potion of lignification {unknown}
 z - a potion of magic {unknown}
 B - a potion of degeneration {unknown}
Books
 C - a book of Misfortune

   Spells                             Type                      Level
   a - Confusing Touch                Hexes                        1
   b - Confuse                        Hexes                        3
   c - Gell's Gravitas                Hexes/Translocation          3
   d - Petrify                        Transmutation/Earth          4
   e - Metabolic Englaciation         Hexes/Ice                    5
   f - Yara's Violent Unravelling     Hexes/Transmutation          5
Comestibles
 f - 8 bread rations
 n - a slice of pizza
 s - 3 beef jerkies


   Skills:
 + Level 5.4 Fighting
 + Level 7.9 Maces & Flails
 + Level 6.1 Armour
 + Level 2.9 Dodging
 + Level 1.2 Stealth
 + Level 7.1 Shields


You had 8 spell levels left.
You didn't know any spells.

Dungeon Overview and Level Annotations

Branches:
Dungeon (8/15)             Temple (0/1) D:6
   Lair: D:8-11

Altars:
Ashenzari
Elyvilon
Fedhas
Gozag
Hepliaklqana
Kikubaaqudgha
Makhleb
Nemelex Xobeh
Qazlal
Trog
Uskayaw
Xom
Yredelemnul
The Shining One

Shops:
D:5 [

Annotations:
D:8 dngmouse's ghost, novice HOFE


Innate Abilities, Weirdness & Mutations

You are resistant to torment.
Your stone body is resilient. (AC +5)
You are immune to poison.
You resist negative energy. (rN+)
You are resistant to electric shocks. (rElec)
You can survive without breathing.
You are immune to petrification.
You are immune to rotting.


Message History

* * * LOW HITPOINT WARNING * * *
Something hits you but does no damage. Something hits you.
* * * LOW HITPOINT WARNING * * *
Something hits you but does no damage. Something hits you.
* * * LOW HITPOINT WARNING * * *
Something hits you but does no damage. You block something's attack.
Something hits you but does no damage. You block something's attack.
Something hits you.
* * * LOW HITPOINT WARNING * * *
Something hits you but does no damage.
Something hits you but does no damage. x2
As you read the scroll labeled YWOTSE OXOEBUA, it crumbles to dust.
The scroll dissolves into smoke.
It was a scroll of fog.
Something hits you but does no damage. Something hits you but does no damage.
Something hits you but does no damage. Something hits you.
You die...

#.## # ##.# ## #..# #.
#.## ##. ..### ##..
....###### #..<
.........####### ##...
########...§§§§########
##...#
########{@§....######...##
#######..........#
######....## # ####..## #
#...# ## ##... .# ##.. .##
##. ..# ######## .... ##


There were no monsters in sight!

Vanquished Creatures
  A spriggan (D:7)
  Edmund (D:4)
  An orc warrior (D:6)
  A sky beast (D:6)
  A black bear (D:7)
  3 ogres
  A phantom (D:5)
  An ice beast (D:5)
  A necrophage (D:7)
  A centaur (D:7)
  3 bullfrogs (D:6)
  5 crimson imps
  An orc priest (D:6)
  4 hounds
  A jelly (D:6)
  2 iguanas (D:4)
  Natasha (thrice) (D:2)
  4 orc wizards
  5 worker ants (D:4)
  A hound skeleton (D:6)
  5 adders
  2 shadow imps
  2 adder skeletons
  3 worms
  3 dart slugs
  4 leopard geckos
  13 orcs
  2 ball pythons (D:4)
  6 bats
  4 giant cockroaches
  8 goblins
  10 hobgoblins
  2 quokkas
  9 frilled lizards
  A giant cockroach zombie (D:6)
  A jackal skeleton (D:4)
  6 kobolds
  11 rats
133 creatures vanquished.

Vanquished Creatures (others)
  2 plants (D:6)
2 creatures vanquished.

Grand Total: 135 creatures vanquished

Notes
Turn   | Place    | Note
-------+----------+-------------------------------------------
     0 | D:1      | galech the Gargoyle Fighter began the quest for the Orb.
     0 | D:1      | Reached XP level 1. HP: 14/14 MP: 1/1
   135 | D:1      | Reached XP level 2. HP: 19/19 MP: 2/2
   801 | D:1      | Reached XP level 3. HP: 15/23 MP: 3/3
  1097 | D:2      | Found a white marble altar of Elyvilon.
  1144 | D:2      | Found a bloodstained altar of Trog.
  1150 | D:2      | Noticed Natasha
  1156 | D:2      | Killed Natasha
  1156 | D:2      | Reached skill level 1 in Dodging
  1156 | D:2      | Reached XP level 4. HP: 22/29 MP: 4/4
  1251 | D:2      | Found a basalt altar of Yredelemnul.
  1424 | D:2      | Noticed Natasha
  1434 | D:2      | Killed Natasha
  1441 | D:2      | Noticed Natasha
  1449 | D:2      | Killed Natasha
  1449 | D:2      | Reached XP level 5. HP: 24/33 MP: 5/5
  1740 | D:3      | Found a glowing golden altar of the Shining One.
  2253 | D:4      | Reached XP level 6. HP: 23/38 MP: 6/6
  2978 | D:4      | Noticed Edmund
  3233 | D:4      | Killed Edmund
  3233 | D:4      | Reached skill level 5 in Shields
  3233 | D:4      | Reached XP level 7. HP: 28/44 MP: 7/7
  3400 | D:4      | Found a sparkling altar of Nemelex Xobeh.
  3659 | D:5      | Entered Level 5 of the Dungeon
  3691 | D:5      | Reached skill level 5 in Maces & Flails
  4057 | D:5      | Reached XP level 8. HP: 45/48 MP: 8/8
  4314 | D:5      | Reached skill level 5 in Armour
  4459 | D:5      | Found a glowing golden altar of the Shining One.
  4459 | D:5      | Found a hazy altar of Hepliaklqana.
  4489 | D:5      | Found Vihit's Antique Armour Shop.
  4511 | D:5      | Bought a pair of jewelled gloves for 228 gold pieces
  4516 | D:5      | Identified the +4 pair of gloves "Loxel" {rC+ rCorr Int+4 Dex-5} (You bought it in a shop on level 5 of the Dungeon)
  4531 | D:5      | Found an opulent altar of Gozag.
  4531 | D:5      | Found a faded altar of an unknown god.
  4536 | D:5      | Found a shimmering altar of Xom.
  4538 | D:5      | Found a burning altar of Makhleb.
  4540 | D:5      | Found a faded altar of an unknown god.
  4546 | D:5      | Became a worshipper of Makhleb the Destroyer
  4585 | D:5      | Found a stormy altar of Qazlal.
  4591 | D:5      | Found a hide-covered altar of Uskayaw.
  5415 | D:6      | Found a staircase to the Ecumenical Temple.
  5452 | D:6      | Reached skill level 5 in Fighting
  5605 | D:6      | Found a shattered altar of Ashenzari.
  5843 | D:6      | Found an ancient bone altar of Kikubaaqudgha.
  5973 | D:6      | Reached skill level 1 in Stealth
  6477 | D:7      | Reached XP level 9. HP: 48/54 MP: 9/9
  6678 | D:8      | Noticed dngmouse's ghost (novice HOFE)
  6705 | D:7      | HP: 2/54 [something (2)]
  7342 | D:7      | Found a blossoming altar of Fedhas.
  7667 | D:7      | HP: 2/54 [something (2)]
  7672 | D:7      | Slain by an unseen horror

Skill      XL: |  1  2  3  4  5  6  7  8  9 |
---------------+----------------------------+-----
Shields        | 4 5 6 7 |  7.1
Dodging        | 1 2 |  2.9
Fighting       | 4 5 |  5.4
Maces & Flails | 3 4 5 7 |  7.9
Armour         | 4 5 6 |  6.1
Stealth        | 1 |  1.2

Action                   |  1- 3 |  4- 6 |  7- 9 || total
-------------------------+-------+-------+-------++-------
Melee: Flail             |   130 |   214 |   414 ||   758
       Unarmed           |       |    14 |       ||    14
  Use: Scroll            |       |       |     1 ||     1
  Eat: Chunk             |     1 |     7 |     6 ||    14
       Meat ration       |       |       |     1 ||     1
       Bread ration      |       |       |     1 ||     1
Armor: Scale mail        |    80 |   130 |    85 ||   295
       Plate armour      |       |       |   371 ||   371
Dodge: Dodged            |    46 |    78 |    84 ||   208
Block: Shield            |    72 |   112 |   225 ||   409
